 Dungeon Crawl Stone Soup version 0.25.0-1-g7eea58d2a3 (webtiles) character file.

Game seed: 13771992991770610600

849 Delamore the Basher (level 8, -3/46 HPs)
             Began as a Gargoyle Fighter on June 13, 2020.
             Was an Initiate of Okawaru.
             Slain by an ogre
             ... wielding a cursed -3 giant spiked club
              (23 damage)
             ... on level 4 of the Dungeon.
             The game lasted 00:04:44 (4935 turns).

Delamore the Basher (Gargoyle Fighter)              Turns: 4935, Time: 00:04:44

Health: -3/46      AC: 15    Str: 22    XL:     8   Next: 1%
Magic:  8/8        EV:  7    Int:  9    God:    Okawaru [......]
Gold:   257        SH: 14    Dex:  9    Spells: 7/7 levels left

rFire    + + .     SeeInvis .   a - +0 flail
rCold    + . .     Gourm    .   c - +0 kite shield
rNeg     + . .     Faith    .   y - +2 scale mail {rF+}
rPois    ∞         Spirit   .   p - +0 helmet
rElec    +         Reflect  +   m - scarf {rC+ rF+}
rCorr    +         Harm     .   (no gloves)
MR       .....                  (no boots)
Stlth    ..........             l - amulet of reflection
HPRegen  0.15/turn              n - ring of resist corrosion
MPRegen  0.11/turn              (no ring)

@: no status effects
A: negative energy resistance 1, electricity resistance, unbreathing,
petrification resistance, rot immunity, AC +5
a: Renounce Religion


You were on level 4 of the Dungeon.
You worshipped Okawaru.
Okawaru was noncommittal.
You were not hungry.

You visited 2 branches of the dungeon, and saw 5 of its levels.

You collected 257 gold pieces.

Inventory:

Hand Weapons
 a - a +0 flail (weapon)
Missiles
 s - 5 curare-tipped darts (quivered)
 A - 5 javelins
Armour
 b - a +0 scale mail
 c - a +0 kite shield (worn)
 i - a +0 cloak
 m - a scarf of resistance (worn)
 p - a +0 helmet (worn)
 y - a +2 scale mail of fire resistance (worn)
Jewellery
 l - an amulet of reflection (around neck)
 n - a ring of resist corrosion (left hand)
Wands
 h - a wand of flame (22)
 u - a wand of disintegration (14)
Scrolls
 e - 3 scrolls of identify {unknown}
 g - a scroll of fear {unknown}
 j - a scroll of blinking {unknown}
 o - 5 scrolls of remove curse {unknown}
 q - 2 scrolls of fog {unknown}
 r - 3 scrolls of teleportation {unknown}
 t - a scroll of random uselessness {unknown}
 w - a scroll of immolation {unknown}
Potions
 d - a potion of might
 k - a potion of degeneration {unknown}
 v - a potion of flight {unknown}
 x - a potion of ambrosia {unknown}
Comestibles
 f - 4 rations


   Skills:
 - Level 3.2 Fighting
 + Level 9.0 Maces & Flails
 - Level 3.2 Armour
 - Level 3.2 Shields


You had 7 spell levels left.
You didn't know any spells.
Your spell library was empty.

Dungeon Overview and Level Annotations

Branches:
Dungeon (4/15)             Temple (1/1) D:4

Altars:
Ashenzari
Cheibriados
Elyvilon
Fedhas
Hepliaklqana
Kikubaaqudgha
Makhleb
Nemelex Xobeh
Okawaru
Qazlal
Ru
Sif Muna
Trog
Uskayaw
Vehumet
Wu Jian
Xom
Yredelemnul
Zin
The Shining One


Innate Abilities, Weirdness & Mutations

You are resistant to torment.
Your stone body is resilient. (AC +5)
You are immune to poison.
You resist negative energy. (rN+)
You are resistant to electric shocks. (rElec)
You can survive without breathing.
You are immune to petrification.
You are immune to rotting.


Message History

You are too injured to fight recklessly!
You are too injured to fight recklessly!
You are too injured to fight recklessly!
You are too injured to fight recklessly!
You are too injured to fight recklessly!
You are too injured to fight recklessly!
You are too injured to fight recklessly!
You hit the ogre.
The ogre is heavily wounded.
You block the ogre's attack.
Your shield and scale mail prevent you from hitting the ogre.
The ogre is heavily wounded.
You closely miss the ogre.
The ogre is heavily wounded.
The ogre hits you but does no damage.
You barely miss the ogre.
The ogre is heavily wounded.
The ogre hits you with a cursed -3 giant spiked club!!
Ouch! That really hurt!
You die...

#..................#
#.................[#
#.......(..........#
######.######...........#
.......# #[.........##
######## #..........#
####.......# #........#
#.@......# #.O......#
######## #.....####
#......# #.....# #......#
#.....# #......# #.....#
#......# ####### #......#
###......#


You could see an ogre.

Vanquished Creatures
  Sigmund (D:2)
  Duvessa (D:4)
  A phantom (D:3)
  An ogre (D:4)
  Dowan (D:3)
  Crazy Yiuf (D:3)
  Jessica (D:2)
  2 worker ants (D:4)
  2 hound skeletons
  Robin (D:2)
  7 gnolls
  5 adders
  6 worms
  6 leopard geckos
  4 orcs
  4 giant cockroaches
  4 hobgoblins
  5 jackals
  A quokka (D:4)
  A ball python (D:4)
  4 bats
  3 frilled lizards
  13 goblins
  A jackal skeleton (D:4)
  6 kobolds
  A quokka skeleton (D:4)
  4 rats
87 creatures vanquished.

Vanquished Creatures (others)
  A wizard (D:3)
  A kobold (D:3)
2 creatures vanquished.

Grand Total: 89 creatures vanquished

Notes
Turn   | Place    | Note
-------+----------+-------------------------------------------
     0 | D:1      | Delamore the Gargoyle Fighter began the quest for the Orb.
     0 | D:1      | Reached XP level 1. HP: 14/14 MP: 1/1
   555 | D:1      | Reached XP level 2. HP: 19/19 MP: 2/2
   958 | D:2      | Reached skill level 3 in Maces & Flails
  1024 | D:2      | Reached XP level 3. HP: 13/23 MP: 3/3
  1203 | D:2      | Reached skill level 4 in Maces & Flails
  1517 | D:2      | Reached XP level 4. HP: 28/28 MP: 4/4
  1573 | D:2      | Noticed Jessica
  1574 | D:2      | Killed Jessica
  1748 | D:2      | Noticed Sigmund
  2141 | D:2      | Found a white marble altar of Elyvilon.
  2217 | D:2      | Killed Sigmund
  2217 | D:2      | Reached skill level 6 in Maces & Flails
  2217 | D:2      | Reached XP level 5. HP: 27/32 MP: 5/5
  2217 | D:2      | Reached XP level 6. HP: 31/37 MP: 6/6
  2317 | D:2      | Noticed Robin
  2337 | D:2      | Killed Robin
  2794 | D:3      | Found a shattered altar of Ashenzari.
  3018 | D:3      | Found a bloodstained altar of Trog.
  3019 | D:3      | Noticed a wizard
  3025 | D:3      | Killed a wizard
  3117 | D:3      | Reached skill level 7 in Maces & Flails
  3281 | D:3      | Found a runed translucent door.
  3282 | D:3      | Noticed Crazy Yiuf
  3290 | D:3      | Killed Crazy Yiuf
  3350 | D:4      | Reached XP level 7. HP: 37/41 MP: 7/7
  3429 | D:4      | HP: 1/41 [ogre/cursed -3 giant spiked club (27)]
  3751 | D:4      | Found a staircase to the Ecumenical Temple.
  3751 | D:4      | Noticed Duvessa
  3751 | D:4      | Noticed Dowan
  3941 | D:4      | Killed Duvessa
  3941 | D:4      | Reached skill level 8 in Maces & Flails
  3949 | D:3      | Killed Dowan
  4092 | Temple   | Entered the Ecumenical Temple
  4324 | Temple   | Became a worshipper of Warmaster Okawaru
  4811 | D:4      | Reached skill level 9 in Maces & Flails
  4811 | D:4      | Reached XP level 8. HP: 39/46 MP: 8/8
  4935 | D:4      | Slain by an ogre

Illustrated notes

Levels and vault maps discovered:
D:1:      saegor_arrival_simple_b, layout_basic
D:2:      layout_loops_ring, elyvilon_altar_1, first_ration, uniq_sigmund,
          uniq_robin, uniq_jessica
D:3:      lemuel_upstairs_altar, layout_rooms, lemuel_doored_altar, trog_wizard,
          uniq_crazy_yiuf_cottage
D:4:      black_bear_nest_1, layout_basic, minmay_temple_entry_grid,
          kennysheep_path_1, uniq_duvessa
Temple:   dpeg_five_rooms_temple

Skill      XL: |  1  2  3  4  5  6  7 |
---------------+----------------------+-----
Maces & Flails | 3 4 6 7 9 |  9.0
Fighting       | |  3.2
Armour         | |  3.2
Shields        | |  3.2

Action                   |  1- 3 |  4- 6 |  7- 9 || total
-------------------------+-------+-------+-------++-------
Melee: Flail             |    78 |   211 |    88 ||   377
Throw: Dart              |       |     3 |       ||     3
  Use: Potion            |       |     3 |       ||     3
  Eat: Chunk             |     2 |     6 |     2 ||    10
       Ration            |       |       |     1 ||     1
Armor: Scale mail        |    39 |    93 |    37 ||   169
Dodge: Dodged            |    14 |    69 |    24 ||   107
Block: Kite shield       |    39 |   179 |    70 ||   288
       Reflection        |       |     2 |     1 ||     3
